 Dungeon Crawl Stone Soup version 0.14-a0-2162-g062a2ce (webtiles) character file.

433 4tharraofdagon the Firebug (level 6, -1/30 HPs)
             Began as a Vine Stalker Fire Elementalist on Jan 28, 2014.
             Was a Follower of Zin.
             Slain by a gnoll
             ... wielding a +0,+0 flail
              (14 damage)
             ... on Level 4 of the Dungeon.
             The game lasted 00:10:27 (1282 turns).

4tharraofdagon the Firebug (VSFE)                   Turns: 1282, Time: 00:10:27

HP  -1/30        AC  2     Str 10      XL: 6   Next: 73%
MP   0/15        EV 11     Int 17      God: Zin [*.....]
Gold 57          SH  8     Dex 15      Spells:  3 memorised,  4 levels left

rFire  . . .     SeeInvis .     f - +0,+2 dagger
rCold  . . .     Clarity  .     a - +0 robe
rNeg   . . .     Conserve .     j - +0 orc buckler
rPois  .         rCorr    .     (no helmet)
rElec  .         rRot     +     (no cloak)
SustAb . .       Spirit   +     (no gloves)
rMut   .         Warding  .     (no boots)
Saprov . . .     Stasis   .     (no amulet)
MR     .....                    (no ring)
                                (no ring)

@: not resistant to hostile enchantments, fairly stealthy
A: fangs 2, regeneration 2, magic shield, antimagic bite, no device heal
a: Recite, Renounce Religion


You were on level 4 of the Dungeon.
You worshipped Zin.
Zin was aware of your devotion.
You were very hungry.

You visited 2 branches of the dungeon, and saw 5 of its levels.

You collected 63 gold pieces.
You donated 6 gold pieces.

Inventory:

Hand weapons
 e - a -1,-2 spear
 f - a +0,+2 dagger (weapon)
 k - a +0,+0 flail
 l - a +0,+0 spear
 n - a -2,+1 orcish dagger
 p - a +0,+0 halberd
Missiles
 d - 10 silver darts (quivered)
 o - a throwing net
Armour
 a - a +0 robe (worn)
 j - a +0 orcish buckler (worn)
Magical devices
 q - a wand of lightning (2)
Comestibles
 c - a bread ration
Scrolls
 i - a scroll of teleportation {unknown}
 m - a scroll of curse weapon {unknown}
Potions
 h - 2 potions of curing {unknown}
Books
 b - a book of Flames

   Spells                             Type                      Level
   *Flame Tongue                      Conjuration/Fire             1
   Throw Flame                        Conjuration/Fire             2
   *Conjure Flame                     Conjuration/Fire             3
   Inner Flame                        Hexes/Fire                   3
   *Sticky Flame                      Conjuration/Fire             4
   Fireball                           Conjuration/Fire             5


   Skills:
 + Level 1.4 Fighting
 - Level 1.5 Dodging
 - Level 2.4 Stealth
 + Level 0.8 Shields
 + Level 3.6 Spellcasting
 * Level 3.9 Conjurations
 * Level 4.7 Fire Magic
 + Level 0.0 Invocations


You had 4 spell levels left.
You knew the following spells:

 Your Spells              Type           Power        Failure   Level  Hunger
a - Flame Tongue          Conj/Fire      ###..        3%          1    None
b - Conjure Flame         Conj/Fire      ###.....     12%         3    ###....
c - Sticky Flame          Conj/Fire      ###.....     30%         4    ####...


Dungeon Overview and Level Annotations

Branches:
Dungeon (4/16)             Temple (1/1) D:4

Altars:
Cheibriados
Elyvilon
Fedhas
Kikubaaqudgha
Okawaru
Sif Muna
Trog
Vehumet
Xom
Yredelemnul
Zin
The Shining One


Innate Abilities, Weirdness & Mutations

You have extremely sharp teeth.
You heal very quickly.
When hurt, damage is shared between your health and your magic reserves.
Your bite disrupts and absorbs the magic of your enemies.
Potions and wands cannot restore your HP.


Message History

The gnoll is heavily wounded.
Evoke which item? (* to show all) (? for menu, Esc to quit)
Zapping:
q - a wand of lightning {zapped: 4}
Press: ? - help, Shift-Dir - straight line, f/p - gnoll
Aim: a gnoll, wielding a flail (heavily wounded)
You hear a mighty clap of thunder!
The bolt of lightning hits the gnoll.
The gnoll is severely wounded.
Unknown command.
A gnoll shaman comes into view. It is wielding a club.
The gnoll shaman moves out of view.
Casting: Flame Tongue
Confirm with . or Enter, or press ? or * to list all spells.
Aiming: Flame Tongue
Press: ? - help, Shift-Dir - straight line, f/p - gnoll
Aim: a gnoll, wielding a flail (severely wounded)
The flame hits the gnoll.
The gnoll is almost dead.
The gnoll hits you with a flail!
You die...

# .. ≈≈≈....#### ##### #
#'###≈≈......... ....
#############...#≈≈......... ....
..........).#g..#≈≈......... ...
≈≈≈≈)≈≈≈≈≈≈≈#####≈≈.....# #K.
)≈≈≈≈≈≈≈≈≈≈≈≈≈≈≈≈≈≈.....# #..
))≈≈≈≈≈≈≈≈≈≈≈≈≈≈≈≈≈.....# #..
)..)%............P......# #.(
...............g@.......#######(.
..............................%..
...................########......
...................# #......
########...........# #......
≈§≈§# ##...........# #......
§§§≈###............########......
§≈§≈##...........................
#≈§§#............................


You could see a gnoll shaman and a gnoll.

Vanquished Creatures
  4 gnoll shamans (D:4)
  A worker ant (D:3)
  Ijyb (D:1)
  2 adders
  17 gnolls (D:4)
  A worm (D:3)
  A giant gecko (D:4)
  5 bats
  A giant cockroach (D:3)
  4 goblins
  3 hobgoblins
  4 jackals (D:4)
  4 kobolds
  3 giant newts
  A goblin skeleton (D:4)
  3 rats
55 creatures vanquished.

Notes
Turn   | Place    | Note
--------------------------------------------------------------
     0 | D:1      | 4tharraofdagon, the Vine Stalker Fire Elementalist, began the quest for the Orb.
     0 | D:1      | Reached XP level 1. HP: 9/9 MP: 3/3
    76 | D:2      | Noticed Ijyb
   168 | D:1      | Killed Ijyb
   168 | D:1      | Reached XP level 2. HP: 10/13 MP: 0/6
   187 | D:2      | Reached XP level 3. HP: 12/16 MP: 3/7
   194 | D:1      | Learned a level 3 spell: Conjure Flame
   357 | D:3      | Reached XP level 4. HP: 14/21 MP: 3/9
   584 | D:4      | Reached skill level 4 in Fire Magic
   605 | D:4      | Found a staircase to the Ecumenical Temple.
   615 | Temple   | Entered the Ecumenical Temple
   644 | Temple   | Became a worshipper of Zin the Law-Giver
   684 | D:4      | Learned a level 4 spell: Sticky Flame
   754 | D:4      | Reached XP level 5. HP: 20/24 MP: 3/13
   813 | D:4      | (
  1053 | D:4      | Reached skill level 1 in Fighting
  1056 | D:4      | Gained mutation: You heal very quickly. [vine stalker growth]
  1056 | D:4      | Reached XP level 6. HP: 19/30 MP: 4/15
  1099 | D:4      | Noticed an ogre
  1255 | D:4      | Acquired Zin's first power
  1282 | D:4      | Slain by a gnoll

Action                   |  1- 3 |  4- 6 || total
-------------------------+-------+-------++-------
Melee: Unarmed           |    12 |       ||    12
       Dagger            |    22 |    35 ||    57
       Spear             |       |    12 ||    12
 Cast: Flame Tongue      |    18 |    71 ||    89
       Conjure Flame     |     1 |       ||     1
Evoke: Wand              |       |     2 ||     2
  Use: Scroll            |       |     2 ||     2
 Stab: Sleeping          |     1 |     1 ||     2
